 Dungeon Crawl Stone Soup version 0.17.0-9-g801d43b (webtiles) character file.

2306 septik the Destroyer (level 9, -1/47 HPs)
             Began as a Deep Elf Fire Elementalist on Nov 9, 2015.
             Was a Follower of Vehumet.
             Slain by a killer bee (6 damage)
             ... on level 7 of the Dungeon.
             The game lasted 00:36:25 (6862 turns).

septik the Destroyer (Deep Elf Fire Elementalist)   Turns: 6862, Time: 00:36:25

Health: -1/47      AC: 10    Str:  5      XL:     9   Next: 18%
Magic:  12/20      EV: 11    Int: 24      God:    Vehumet [*.....]
Gold:   279        SH:  0    Dex: 15 (19) Spells: 4 memorised, 7 levels left

rFire  . . .     SeeInvis .     P - +0 short sword
rCold  . . .     Clarity  .     L - +0 mottled dragon armour
rNeg   . . .     SustAt   .     (no shield)
rPois  .         Gourm    +     (no helmet)
rElec  .         Spirit   .     o - +0 cloak
rCorr  .         Warding  .     (no gloves)
rMut   .         Stasis   .     I - +2 pair of boots
MR     .....                    s - amulet of the gourmand
Stlth  ++........               (no ring)
                                w - +4 ring of dexterity

@: lethally poisoned (-1 -> -5), not resistant to hostile enchantments,
unstealthy
A: no striking features
a: Renounce Religion


You were on level 7 of the Dungeon.
You worshipped Vehumet.
Vehumet was aware of your devotion.
You were very full.

You visited 2 branches of the dungeon, and saw 9 of its levels.

You collected 279 gold pieces.

Inventory:

Hand Weapons
 g - a +0 dagger
 A - a +0 blowgun
 B - a cursed -1 halberd
 P - a +0 short sword (weapon)
Missiles
 h - 156 stones (quivered)
 z - 31 poisoned needles
 H - 4 javelins of penetration
Armour
 a - a +0 robe
 o - a +0 cloak (worn)
 E - a +0 robe of magic resistance
 I - a +2 pair of boots (worn)
 L - a +0 mottled dragon armour (worn)
Jewellery
 s - an amulet of the gourmand (around neck)
 w - a +4 ring of dexterity (left hand)
 D - an uncursed amulet of resist mutation
 J - an uncursed amulet of warding
Wands
 y - a wand of magic darts (17)
 C - a wand of polymorph (24)
 F - a wand of confusion (24)
Scrolls
 d - 3 scrolls of recharging
 f - 7 scrolls of remove curse
 k - a scroll of magic mapping {unknown}
 m - 3 scrolls of enchant armour {unknown}
 n - 3 scrolls of teleportation {unknown}
 r - a scroll of random uselessness {unknown}
 t - a scroll of amnesia {unknown}
 x - a scroll of enchant weapon {unknown}
Potions
 j - a potion of haste
 l - 2 potions of resistance
 v - 4 potions of poison
 G - a potion of agility
 M - a potion of heal wounds {unknown}
 N - a potion of beneficial mutation {unknown}
 O - a potion of might {unknown}
Books
 b - a book of Flames

   Spells                             Type                      Level
   a - Flame Tongue                   Conjuration/Fire             1
   b - Throw Flame                    Conjuration/Fire             2
   c - Conjure Flame                  Conjuration/Fire             3
   d - Inner Flame                    Hexes/Fire                   3
   e - Sticky Flame                   Conjuration/Fire             4
   f - Fireball                       Conjuration/Fire             5
Comestibles
 c - 6 bread rations
 i - a beef jerky
 p - 2 fruits
 u - a meat ration


   Skills:
 * Level 1.0 Fighting
 * Level 1.3 Short Blades
 * Level 1.2 Armour
 - Level 2.4 Dodging
 - Level 2.4 Stealth
 - Level 6.2 Spellcasting
 - Level 9.0 Conjurations
 + Level 8.9 Fire Magic


You had 7 spell levels left.
You knew the following spells:

 Your Spells              Type           Power        Failure   Level  Hunger
a - Flame Tongue          Conj/Fire      #####        1%          1    None
b - Conjure Flame         Conj/Fire      ######..     1%          3    None
c - Sticky Flame          Conj/Fire      ######..     4%          4    ###....
d - Fireball              Conj/Fire      ######....   12%         5    #####..


Dungeon Overview and Level Annotations

Branches:
Dungeon (8/15)             Temple (1/1) D:5
   Lair: D:8-11

Altars:
Ashenzari
Cheibriados
Dithmenos
Elyvilon
Fedhas
Gozag
Makhleb
Okawaru
Qazlal
Ru
Sif Muna
Trog
Vehumet
Xom
Yredelemnul
Zin
The Shining One

Shops:
D:4 (


Message History

* * * LOW HITPOINT WARNING * * *
You feel sick. The killer bee stings you.
* * * LOW HITPOINT WARNING * * *
The killer bee barely misses you. The killer bee stings you.
* * * LOW HITPOINT WARNING * * *
You are more poisoned.
The killer bee poisons you! The killer bee barely misses you.
Drink which item? (? for menu, Esc to quit)
You feel better. The killer bee barely misses you.
The killer bee stings you but does no damage. x2
The killer bee misses you. The killer bee stings you.
* * * LOW HITPOINT WARNING * * *
The killer bee stings you.
* * * LOW HITPOINT WARNING * * *
You are poisoned.
The killer bee poisons you!
* * * LOW HITPOINT WARNING * * *
You feel sick. The killer bee stings you.
You die...

#.# #.# [8.
#######.# .##
........# ...
###.....# #.#
...!...)######
#.#
.##..........#
#.# #......>...#
#.#
#.####.....###@#
#. #......yy.#
#. #.......###
#. #.......# #.
###.#...#
#.#...# ..#....
####..... #.....


You could see 2 killer bees.

Vanquished Creatures
  A hill giant (D:6)
  Duvessa (D:7)
  2 black bears (D:6)
  5 ogres
  2 sky beasts (D:6)
  A centaur (D:6)
  An ice beast (D:6)
  Blork the orc (D:6)
  2 giant frogs (D:6)
  A water moccasin zombie (D:5)
  Dowan (D:7)
  A quasit (D:5)
  A hound (D:3)
  2 iguanas
  Natasha (twice) (D:2)
  An orc wizard (D:5)
  3 worker ants
  A hound zombie (D:7)
  3 hound skeletons
  4 gnolls (D:4)
  2 shadow imps (D:5)
  5 adders
  An ooze (D:6)
  4 worms
  3 orcs
  7 bats
  4 giant cockroaches
  7 hobgoblins
  6 jackals
  8 kobolds
  7 quokkas
  A ball python (D:1)
  5 giant geckos
  A giant gecko skeleton (D:5)
  A giant gecko zombie (D:5)
  5 giant newts
  10 goblins
  6 rats
119 creatures vanquished.

Notes
Turn   | Place    | Note
--------------------------------------------------------------
     0 | D:1      | septik the Deep Elf Fire Elementalist began the quest for the Orb.
     0 | D:1      | Reached XP level 1. HP: 10/10 MP: 6/6
   367 | D:1      | Reached XP level 2. HP: 10/15 MP: 0/8
  1161 | D:2      | Reached XP level 3. HP: 19/19 MP: 7/9
  1197 | D:2      | Learned a level 3 spell: Conjure Flame
  1266 | D:2      | Found a snail-covered altar of Cheibriados.
  1268 | D:2      | Found an iron altar of Okawaru.
  1755 | D:2      | Reached skill level 4 in Fire Magic
  1963 | D:2      | Noticed Natasha
  1982 | D:2      | Killed Natasha
  1982 | D:2      | Reached XP level 4. HP: 10/24 MP: 2/10
  2250 | D:2      | Noticed Natasha
  2252 | D:2      | Killed Natasha
  2475 | D:3      | Reached XP level 5. HP: 28/28 MP: 6/11
  3224 | D:3      | Found a bloodstained altar of Trog.
  3364 | D:4      | Found a shadowy altar of Dithmenos.
  3489 | D:4      | Reached skill level 5 in Conjurations
  3489 | D:4      | Reached skill level 5 in Fire Magic
  3537 | D:4      | Noticed an ogre
  3575 | D:4      | Killed an ogre
  3575 | D:4      | Reached XP level 6. HP: 32/32 MP: 2/12
  3807 | D:4      | Found Zaut's Weapon Boutique.
  3959 | D:4      | Found a glowing golden altar of the Shining One.
  4199 | D:5      | Entered Level 5 of the Dungeon
  4205 | D:5      | Found a staircase to the Ecumenical Temple.
  4212 | Temple   | Entered the Ecumenical Temple
  4219 | Temple   | Became a worshipper of Vehumet
  4331 | D:5      | Reached skill level 6 in Conjurations
  4570 | D:5      | Reached XP level 7. HP: 20/36 MP: 11/14
  4798 | D:6      | Noticed a hill giant
  4819 | D:6      | Killed a hill giant
  4819 | D:6      | Reached skill level 7 in Conjurations
  4819 | D:6      | Reached XP level 8. HP: 25/41 MP: 2/17
  4903 | D:6      | Noticed Blork the orc
  4918 | D:6      | Killed Blork the orc
  5021 | D:6      | Reached skill level 5 in Spellcasting
  5032 | D:6      | Learned a level 4 spell: Sticky Flame
  5038 | D:6      | Learned a level 5 spell: Fireball
  5161 | D:6      | Reached skill level 8 in Conjurations
  5240 | D:6      | Found a deep blue altar of Sif Muna.
  5608 | D:6      | Reached * piety under Vehumet
  5608 | D:6      | Offered knowledge of Freeze by Vehumet.
  5608 | D:6      | Reached XP level 9. HP: 45/45 MP: 13/20
  5642 | D:6      | Reached skill level 9 in Conjurations
  6732 | D:5      | You fall through a shaft for 3 floors!
  6746 | D:7      | Noticed Duvessa
  6747 | D:7      | Noticed Dowan
  6846 | D:7      | Killed Dowan
  6846 | D:7      | Reached skill level 1 in Short Blades
  6846 | D:7      | Reached skill level 1 in Armour
  6849 | D:7      | Killed Duvessa
  6849 | D:7      | Reached skill level 1 in Fighting
  6862 | D:7      | Slain by a killer bee

Action                   |  1- 3 |  4- 6 |  7- 9 || total
-------------------------+-------+-------+-------++-------
Melee: Dagger            |    11 |     9 |    31 ||    51
       Short sword       |       |       |    15 ||    15
Throw: Stone             |     3 |     7 |     6 ||    16
 Cast: Flame Tongue      |    82 |   106 |   128 ||   316
       Conjure Flame     |     1 |     4 |     9 ||    14
       Fireball          |       |       |     3 ||     3
  Use: Scroll            |       |       |     8 ||     8
       Potion            |       |       |     2 ||     2
 Stab: Sleeping          |     1 |       |       ||     1
  Eat: Chunk             |     3 |     8 |    19 ||    30
